 Dungeon Crawl Stone Soup version 0.28-a0-1365-g7e0445c96d (webtiles) character file.

Game seed: 3089330553962685288

12963 Lekart the Spear-Bearer (level 11, -30/103 HPs)
             Began as a Yellow Draconian Chaos Knight on Dec 31, 2021.
             Was a Plaything of Xom.
             Annihilated by a komodo dragon (43 damage)
             ... on level 1 of the Lair of Beasts.
             The game lasted 00:29:41 (16567 turns).

Lekart the Spear-Bearer (DrCK)                     Turns: 16567, Time: 00:29:42

Health: -30/103    AC:  9    Str: 14    XL:     11   Next: 69%
Magic:  18/18      EV: 19    Int: 19    God:    Xom [.....*]
Gold:   405        SH:  0    Dex: 14    Spells: 18/20 levels left

rFire   + + .      SeeInvis .   i - +2 scythe (chaos)
rCold   + . .      Faith    .   (shield currently unavailable)
rNeg    . . .      Spirit   .   (armour unavailable)
rPois   .          Reflect  .   (helmet restricted)
rElec   +          Harm     .   (no cloak)
rCorr   +          Rampage  .   r - +1 pair of gloves of Makhleb's Esteem {rElec rF+ Int+7}
Will    .....      Clarity  +   (no boots)
Stlth   ++++......              w - amulet of magic regeneration
HPRegen 0.27/turn               m - +4 ring of evasion
MPRegen 0.56/turn               c - +4 ring of slaying

@: lethally poisoned (-30 -> -45), studying Dodging, unable to read
A: spit acid, AC +7, unfitting armour, cold-blooded, acid resistance, horns 1,
stinger 1, clarity, cold resistance 1, dopey 1, fire resistance 1, sense
surroundings 1, robust 1, wild magic 1, inability to read while threatened
a: Breathe Acid, Renounce Religion


You were on level 1 of the Lair of Beasts.
You worshipped Xom.
You were Xom's teddy bear.
You visited 3 branches of the dungeon, and saw 14 of its levels.
You also visited: Sewer.

You collected 777 gold pieces.
You spent 372 gold pieces at shops.

Inventory:

Hand Weapons
 a - a +0 hand axe of protection
 i - a +2 scythe of chaos (weapon)
Missiles
 e - 15 boomerangs of dispersal (quivered)
Armour
 r - the +1 pair of gloves of Makhleb's Esteem (worn) {rElec rF+ Int+7}
   (You found it on level 8 of the Dungeon)

   Int:       It affects your intelligence (+7).
   rF:        It protects you from fire.
   rElec:     It insulates you from electricity.
Jewellery
 c - a +4 ring of slaying (right hand)
 g - a ring of protection from cold
 m - a +4 ring of evasion (left hand)
 q - a ring of flight
 w - an amulet of magic regeneration (around neck)
Wands
 f - a wand of charming (6)
 v - a wand of flame (8)
Scrolls
 h - 2 scrolls of teleportation
 k - a scroll of magic mapping
 l - 2 scrolls of fear
 p - a scroll of amnesia
 u - a scroll of enchant armour
 x - a scroll of identify
 y - a scroll of fog
Potions
 b - 5 potions of curing
 d - 2 potions of cancellation
 j - a potion of haste
 n - a potion of heal wounds
 o - a potion of brilliance
 s - 3 potions of flight
 t - a potion of berserk rage


   Skills:
 + Level 8.0 Fighting
 + Level 6.9(8.8) Axes
 + Level 8.5(9.6) Polearms
 + Level 0.2 Throwing
 + Level 7.3 Dodging
 * Level 7.2 Stealth
 * Level 5.0 Spellcasting
 * Level 5.2 Transmutations
 * Level 5.4 Earth Magic
 + Level 3.0 Evocations


You had 18 spell levels left.
You knew the following spells:

 Your Spells              Type           Power      Damage    Failure   Level
a - Passwall              Tmut/Erth      26%        N/A       3%          2

Your spell library contained the following spells:

 Spells                   Type           Power      Damage    Failure   Level
 Sandblast                Erth           66%        2d15      2%          1
 Stone Arrow              Conj/Erth      38%        3d9       17%         3
 Ignite Poison            Fire/Tmut/Pois 14%        N/A       26%         3
 Dazzling Flash           Conj/Hex       12%        N/A       45%         3
 Mephitic Cloud           Conj/Pois/Air  6%         N/A       45%         3
 Airstrike                Air            3%         N/A       83%         4
 Summon Lightning Spire   Summ/Air       6%         N/A       83%         4
 Agony                    Necr           6%         N/A       99%         5
 Fireball                 Conj/Fire      3%         3d4       99%         5
 Freezing Cloud           Conj/Ice/Air   3%         6-21      99%         5
 Lightning Bolt           Conj/Air       3%         1d14      99%         5
 Silence                  Hex/Air        3%         N/A       99%         5
 Starburst                Conj/Fire      3%         6d3       100%        6
 Ignition                 Fire           3%         3d4       100%        8


Dungeon Overview and Level Annotations

Branches:
Dungeon (12/15)            Temple (1/1) D:7            Lair (1/6) D:11
  Sewer (visited)
    Orc: D:9-12

Altars:
Ashenzari
Cheibriados
Dithmenos
Elyvilon
Fedhas
Gozag
Hepliaklqana
Kikubaaqudgha
Makhleb
Nemelex Xobeh
Okawaru
Qazlal
Ru
Sif Muna
Trog
Uskayaw
Vehumet
Wu Jian
Xom
Yredelemnul
Zin
The Shining One

Shops:
D:2 !   D:3 [*   D:4 *   D:11 [

Annotations:
D:4 2 transporters, Iidacon's ghost, novice BaBe


Innate Abilities, Weirdness & Mutations

You can spit globs of acid.
Your golden yellow scales are hard. (AC +7)
You cannot fit into any form of body armour.
You are cold-blooded and may be slowed by cold attacks.
You are resistant to acid. (rCorr)
You have a pair of small horns on your head.
Your tail ends in a venomous barb.
You possess an exceptional clarity of mind.
Your flesh is cold resistant. (rC+)
You are dopey. (Int -2)
Your flesh is heat resistant. (rF+)
You passively map a small area around you.
You are robust. (+10% HP)
Your spells are a little harder to cast, but a little more powerful.
You sometimes lose the ability to read scrolls when taking damage.


Message History

Your tail-slap misses the komodo dragon.
The komodo dragon is lightly wounded.
The komodo dragon misses you. The komodo dragon closely misses you.
You slash the komodo dragon!
You feel better.
You headbutt the komodo dragon, but do no damage.
The komodo dragon is heavily wounded.
The komodo dragon completely misses you.
You barely miss the komodo dragon. Your headbutt misses the komodo dragon.
The komodo dragon is heavily wounded.
The komodo dragon closely misses you.
The komodo dragon completely misses you.
You hit the komodo dragon.
The komodo dragon seems to grow stronger.
The komodo dragon is heavily wounded.
The komodo dragon misses you.
You barely miss the komodo dragon.
The komodo dragon is heavily wounded.
The komodo dragon closely misses you. The komodo dragon bites you!!!
You are too injured to fight recklessly!
You are too injured to fight recklessly!
You completely miss the komodo dragon.
The komodo dragon is heavily wounded.
A black mamba comes into view.
A polar bear comes into view.
The komodo dragon bites you but does no damage.
The black mamba hisses angrily.
You slash the komodo dragon!
The komodo dragon is severely wounded.
The komodo dragon barely misses you. The komodo dragon bites you!!
You feel threatened and lose the ability to read scrolls!
* * * LOW HITPOINT WARNING * * *
You hit the komodo dragon but do no damage.
The komodo dragon is severely wounded.
The komodo dragon bites you.
* * * LOW HITPOINT WARNING * * *
The black mamba bites you.
* * * LOW HITPOINT WARNING * * *
You are lethally poisoned!
The black mamba poisons you! The komodo dragon bites you!!!
You die...
Xom howls with laughter!

,,
*................,
* ,
................ ,
................
................,
,................
................ ,
...)...$.......# ,
......l@<......# ,
....?.S........# *
................
..........h....# *
..?............# ,
, ................
, ................
, , ,,
................ ,
, ,


You could see a polar bear, a komodo dragon (strong) and a black mamba.

Vanquished Creatures
  Erolcha (D:10)
  4 two-headed ogres
  Maurice (D:11)
  A gargoyle (D:10)
  A komodo dragon (D:12)
  A troll (D:12)
  A meliai zombie (D:11)
  Sigmund (D:5)
  A wraith (D:11)
  3 shadows
  A wyvern (D:10)
  9 yaks
  2 water moccasins (D:8)
  A hornet zombie (D:9)
  4 orc warriors
  A black bear (D:4)
  A necrophage (D:4)
  An ice beast (shapeshifter) (D:11)
  A sky beast (D:7)
  3 ogres
  6 centaurs
  4 bullfrogs
  6 kobold brigands
  2 scorpions (D:4)
  A wyvern zombie (D:8)
  A gnoll sergeant (D:7)
  A water moccasin zombie (D:3)
  A wyvern skeleton (D:3)
  A water moccasin skeleton (D:5)
  5 killer bees
  5 wights
  A howler monkey (D:9)
  A bullfrog zombie (D:6)
  6 centaur zombies
  2 hounds
  2 bullfrog skeletons
  5 orc priests
  2 centaur skeletons
  4 jellies
  2 gnoll shamans (D:5)
  Ijyb (D:5)
  2 iguanas (D:6)
  8 orc wizards
  A hound skeleton (D:4)
  3 mummies (D:11)
  A howler monkey zombie (D:7)
  11 gnolls
  2 howler monkey skeletons
  11 adders
  5 river rats (Sewer)
  A shadow imp (D:4)
  A white imp (D:5)
  A worm (D:2)
  3 dart slugs
  44 orcs
  3 bats
  6 endoplasms
  A giant cockroach (D:3)
  4 hobgoblins
  9 jackals
  31 kobolds
  2 quokkas (D:3)
  9 ball pythons
  6 frilled lizards
  3 goblins
  10 rats
276 creatures vanquished.

Vanquished Creatures (collateral kills)
  Eustachio (D:5)
1 creature vanquished.

Vanquished Creatures (others)
  A komodo dragon (D:11)
  A yak (D:10)
  2 kobolds (D:10)
  11 plants (Sewer)
  A withered plant (D:11)
16 creatures vanquished.

Grand Total: 293 creatures vanquished

Notes
Turn   | Place    | Note
-------+----------+-------------------------------------------
     0 | D:1      | Lekart the Draconian Chaos Knight began the quest for the
                  | Orb.
     0 | D:1      | Reached XP level 1. HP: 19/19 MP: 1/1
   185 | D:1      | XOM: silly message
   398 | D:1      | XOM: silly message
   792 | D:1      | XOM: noise
   992 | D:2      | XOM: cast spell 'Metabolic Englaciation'
   998 | D:2      | Reached XP level 2. HP: 26/26 MP: 2/2
  1162 | D:2      | Found a faded altar of an unknown god.
  1242 | D:2      | Found Emeustyo's Distillery.
  1865 | D:3      | Reached XP level 3. HP: 30/33 MP: 3/3
  1872 | D:3      | XOM: repel stairs
  1887 | D:3      | Reached skill level 1 in Stealth
  1887 | D:3      | Reached XP level 4. HP: 9/40 MP: 4/4
  2205 | D:3      | XOM: 3-stop teleportation journey
  2309 | D:3      | Found Xote's Antique Armour Shop.
  2368 | D:3      | Found Dauluhulu's Assorted Antiques.
  2671 | D:3      | XOM: polymorph endoplasm -> jackal
  2679 | D:3      | XOM: confuse monster(s)
  2692 | D:3      | Reached XP level 5. HP: 41/47 MP: 5/5
  2735 | D:3      | XOM: give mutations
  2735 | D:3      | Gained mutation: You have sharp toenails. [Xom's mischief]
  2735 | D:3      | Gained mutation: You sometimes lose the ability to read
                  | scrolls when taking damage. [Xom's mischief]
  2873 | D:4      | Noticed Iidacon's ghost (novice BaBe)
  2873 | D:4      | Found a transporter.
  2970 | D:4      | Noticed a necrophage
  2982 | D:4      | Killed a necrophage
  2983 | D:4      | Reached skill level 5 in Axes
  2983 | D:4      | Reached XP level 6. HP: 53/53 MP: 6/6
  3367 | D:4      | Your scales start taking on a golden yellow colour.
  3367 | D:4      | Reached XP level 7. HP: 52/60 MP: 7/7
  3367 | D:4      | Gained mutation: You are resistant to acid. (rCorr) [Yellow
                  | Draconian growth]
  3432 | D:4      | XOM: scenery: create altars
  3465 | D:4      | Found Xykitz's Gadget Gallery.
  3499 | D:4      | Found a transporter.
  3605 | D:4      | Reached skill level 5 in Fighting
  3944 | D:4      | Lost mutation: You sometimes lose the ability to read
                  | scrolls when taking damage. [potion of mutation]
  3944 | D:4      | Lost mutation: You have sharp toenails. [potion of
                  | mutation]
  3944 | D:4      | Gained mutation: You passively map a small area around you.
                  | [potion of mutation]
  3944 | D:4      | Gained mutation: You are strong-willed. (Will+) [potion of
                  | mutation]
  3944 | D:4      | Gained mutation: Your spells are a little harder to cast,
                  | but a little more powerful. [potion of mutation]
  3944 | D:4      | Gained mutation: Your flesh is cold resistant. (rC+)
                  | [potion of mutation]
  3970 | D:5      | Entered Level 5 of the Dungeon
  4001 | D:5      | Found a blossoming altar of Fedhas.
  4001 | D:5      | Noticed Sigmund
  4001 | D:5      | XOM: 3-stop teleportation journey
  4002 | D:5      | XOM: chaos upgrade
  4190 | D:5      | Noticed Ijyb
  4197 | D:5      | XOM: fog
  4200 | D:5      | XOM: potion effect (curing)
  4225 | D:5      | Killed Ijyb
  4448 | D:5      | Noticed Eustachio
  4448 | D:5      | XOM: 3-stop teleportation journey
  4513 | D:5      | XOM: give mutations
  4513 | D:5      | Gained mutation: You are somewhat resistant to further
                  | mutation. [Xom's mischief]
  4513 | D:5      | Gained mutation: You have large cloven feet. [Xom's
                  | mischief]
  4634 | D:5      | Killed Sigmund
  4635 | D:5      | Reached XP level 8. HP: 68/68 MP: 8/8
  4638 | D:5      | Found an opulent altar of Gozag.
  4668 | D:5      | XOM: summons 1 hostile shadow creature
  5017 | D:5      | XOM: noise
  5187 | D:5      | XOM: smoke on damage
  5267 | D:5      | Reached skill level 1 in Polearms
  5272 | D:5      | XOM: cast spell 'Summon Ice Beast'
  5279 | D:5      | Killed Eustachio
  5280 | D:5      | Reached skill level 5 in Stealth
  5332 | D:5      | XOM: divination: detect items
  5421 | D:6      | Reached skill level 1 in Evocations
  5493 | D:6      | Found a shimmering blue altar of Sif Muna.
  5547 | D:6      | XOM: silly message
  5745 | D:6      | Found a shimmering altar of Xom.
  5932 | D:6      | Found a glowing drain.
  5940 | Sewer    | Entered a sewer
  6089 | Sewer    | Learned a level 2 spell: Passwall
  6179 | Sewer    | XOM: polymorph adder -> river rat
  6741 | D:6      | Found a radiant altar of Vehumet.
  6805 | D:6      | XOM: summons 2 hostile shadow creatures
  7572 | D:7      | Reached XP level 9. HP: 75/75 MP: 9/9
  7604 | D:7      | Reached skill level 1 in Transmutations
  7692 | D:7      | Found a staircase to the Ecumenical Temple.
  7698 | D:7      | Reached skill level 1 in Earth Magic
  7700 | Temple   | Entered the Ecumenical Temple
  7934 | D:7      | Reached skill level 1 in Spellcasting
  7956 | D:7      | XOM: potion effect (brilliance)
  8001 | D:7      | XOM: 1-stop teleportation journey
  8447 | D:8      | XOM: 1-stop teleportation journey
  8823 | D:8      | Reached skill level 5 in Dodging
  9249 | D:8      | Identified the +1 pair of gloves of Makhleb's Esteem {rElec
                  | rF+ Int+7}
  9407 | D:8      | Found a stormy altar of Qazlal.
  9598 | D:8      | Reached skill level 5 in Polearms
  9752 | D:8      | XOM: confuse monster(s)
  9781 | D:8      | Found an ancient bone altar of Kikubaaqudgha.
  9781 | D:8      | Found a sacrificial altar of Ru.
  9782 | D:8      | Found a hazy altar of Hepliaklqana.
  9847 | D:8      | XOM: 1-stop teleportation journey
 10112 | D:9      | Noticed a two-headed ogre
 10139 | D:9      | Killed a two-headed ogre
 10472 | D:9      | Reached XP level 10. HP: 84/84 MP: 13/13
 10586 | D:9      | XOM: noise
 11009 | D:9      | XOM: 1-stop teleportation journey
 11202 | D:9      | Found a bloodstained altar of Trog.
 11202 | D:9      | Found an iron altar of Okawaru.
 11304 | D:9      | XOM: scenery: 2 doors open
 11330 | D:9      | Noticed a two-headed ogre
 11349 | D:9      | XOM: destruction
 11629 | D:8      | XOM: god gift: potion of heal wounds
 11838 | D:2      | Bought a potion of heal wounds for 60 gold pieces
 11838 | D:2      | Bought a potion of heal wounds for 60 gold pieces
 11838 | D:2      | Bought 2 potions of heal wounds for 120 gold pieces
 11838 | D:2      | Bought a potion of curing for 36 gold pieces
 11838 | D:2      | Bought a potion of mutation for 96 gold pieces
 12082 | D:9      | XOM: summons 2 hostile shadow creatures
 12093 | D:8      | XOM: god gift: runed quarterstaff {god gift}
 12098 | D:9      | XOM: smoke on damage
 12162 | D:8      | XOM: divination: detect creatures
 12184 | D:9      | XOM: enchant monster (good)
 12213 | D:9      | Killed a two-headed ogre
 12291 | D:9      | XOM: cast spell 'Summon Small Mammal'
 12292 | D:9      | XOM: confuse monster(s)
 12393 | D:9      | XOM: cloud trail
 12486 | D:10     | Entered Level 10 of the Dungeon
 12495 | D:10     | Identified a scroll of acquirement
 12499 | D:10     | Acquired a manual of Dodging
 12520 | D:10     | Noticed Erolcha
 12547 | D:10     | XOM: cast spell 'Cause Fear'
 12720 | D:10     | XOM: enchant monster (good)
 12726 | D:10     | Killed Erolcha
 12959 | D:10     | Noticed a two-headed ogre
 12967 | D:10     | Killed a two-headed ogre
 13267 | D:10     | Reached XP level 11. HP: 50/92 MP: 17/17
 13297 | D:10     | XOM: give mutations
 13297 | D:10     | Gained mutation: You are clumsy. (Dex -2) [Xom's mischief]
 13297 | D:10     | Gained mutation: You are weak. (Str -2) [Xom's mischief]
 13297 | D:10     | Lost mutation: You are strong-willed. (Will+) [Xom's
                  | mischief]
 13424 | D:10     | XOM: give mutation
 13424 | D:10     | Gained mutation: You sometimes lose the ability to read
                  | scrolls when taking damage. [Xom's mischief]
 13425 | D:10     | Lost mutation: You have large cloven feet. [potion of
                  | mutation]
 13425 | D:10     | Lost mutation: You are clumsy. (Dex -2) [potion of
                  | mutation]
 13425 | D:10     | Lost mutation: You are weak. (Str -2) [potion of mutation]
 13616 | D:10     | Found a hide-covered altar of Uskayaw.
 14258 | D:10     | XOM: summons 3 hostile shadow creatures
 14389 | D:12     | XOM: give mutations
 14389 | D:12     | Lost mutation: You are somewhat resistant to further
                  | mutation. [Xom's mischief]
 14389 | D:12     | Gained mutation: You are dopey. (Int -2) [Xom's mischief]
 14403 | D:12     | XOM: summons 2 hostile shadow creatures
 14404 | D:12     | Noticed a tengu warrior
 14406 | D:12     | Noticed a six-headed hydra
 14413 | D:12     | XOM: confuse monster(s)
 14681 | D:11     | XOM: potion effect (heal wounds)
 14707 | D:10     | Noticed a quicksilver ooze
 14707 | D:10     | a six-headed hydra changed into a quicksilver ooze
 14707 | D:10     | XOM: polymorph six-headed hydra -> quicksilver ooze
 14709 | D:10     | XOM: cleaving
 14714 | D:10     | XOM: cleaving
 14717 | D:10     | XOM: confuse monster(s)
 14952 | D:11     | XOM: divination: detect items
 14965 | D:11     | Noticed Maurice
 14983 | D:11     | XOM: cast spell 'Alistair's Intoxication'
 14991 | D:11     | XOM: fake destruction
 14992 | D:11     | Killed Maurice
 14997 | D:11     | HP: 4/92 [centaur warrior zombie (9)]
 15016 | D:11     | Found a staircase to the Lair.
 15017 | D:11     | Noticed a two-headed ogre
 15029 | D:11     | XOM: give mutations
 15029 | D:11     | Gained mutation: Your flesh is heat resistant. (rF+) [Xom's
                  | grace]
 15029 | D:11     | Gained mutation: You have a pair of small horns on your
                  | head. [Xom's grace]
 15029 | D:11     | Gained mutation: You possess an exceptional clarity of
                  | mind. [Xom's grace]
 15029 | D:11     | Gained mutation: You are robust. (+10% HP) [Xom's grace]
 15030 | D:11     | XOM: summons friendly ufetubus
 15038 | D:11     | Reached skill level 5 in Earth Magic
 15162 | D:11     | XOM: 1-stop teleportation journey
 15213 | D:10     | XOM: give mutation
 15213 | D:10     | Gained mutation: Your tail ends in a venomous barb. [Xom's
                  | grace]
 15326 | D:10     | XOM: divine lightning
 15662 | D:11     | Reached skill level 5 in Transmutations
 15664 | D:11     | XOM: summons friendly shadow imp
 15668 | D:11     | Killed a two-headed ogre
 15938 | D:11     | Noticed a boulder beetle
 15938 | D:11     | XOM: 3-stop teleportation journey
 16046 | D:11     | XOM: confuse monster(s)
 16077 | D:11     | Found Suvo Qet's Antique Armour Emporium.
 16087 | D:11     | Reached skill level 5 in Spellcasting
 16132 | D:11     | XOM: 2-stop teleportation journey
 16205 | D:11     | XOM: god gift: 3 silver javelins
 16239 | D:11     | XOM: scenery: summon butterflies
 16388 | D:11     | XOM: cast spell 'Summon Mana Viper'
 16420 | Lair:1   | Entered Level 1 of the Lair of Beasts
 16567 | Lair:1   | Annihilated by a komodo dragon

Illustrated notes

Levels and vault maps discovered:
D:1:      sevenhm_arrival_forest_fort_small_6, layout_basic,
          kennysheep_flooded_box, serial_bayou_pond_e, chequers_garden
D:2:      layout_loops_corners, serial_shops, nicolae_shop_stone,
          shapermc_ecumenical_altar_mp_vishouse
D:3:      layout_rooms, serial_shops, nicolae_shop_crystal, shop
D:4:      minmay_recursive_quarters, layout_rooms, gammafunk_ghost_arena,
          nicolae_shop_gadgets
D:5:      layout_gridville, mainiacjoe_overflow_concentric_impassable,
          grunt_gozag_breadcrumbs, uniq_ijyb, uniq_eustachio, uniq_sigmund
D:6:      layout_layer_cave, fiery_altar_vehumet, kennysheep_little_box,
          lemuel_tele_altar, portal_sewer_entry_a
D:7:      layout_loops_ring, minmay_temple_entry_fiery
D:8:      layout_basic, gammafunk_temple_overflow_claw,
          nicolae_overflow_hidden_temple, minivault_1, minmay_unpleasant_kobolds
D:9:      layout_roguey, grunt_temple_overflow_bloody_war
D:10:     layout_roguey [special_room_orc], lemuel_doored_altar, minivault_19,
          uniq_erolcha
D:11:     layout_cave_pools, lair_entry_dummy, serial_undead, serial_undead_c,
          serial_undead_a, serial_undead_c, serial_undead_a, serial_shops,
          nicolae_shop_competitors_out_of_business, grunt_ministairs_7,
          uniq_maurice
D:12:     statuecave_lemuel, layout_stronghold, orc_0_dummy, serial_glass,
          glass_columns_a, glass_columns_b, gammafunk_ghost_grave,
          bh_walls_and_bars
Temple:   zaba_magenta_temple
Lair:1:   layout_cave_shapes

Skill      XL: |  1  2  3  4  5  6  7  8  9 10 11 |
---------------+----------------------------------+-----
Fighting       | 4 5 6 7 8 |  8.0
Axes           | 4 5 6 |  6.9
Stealth        | 1 2 3 4 5 6 7 |  7.2
Dodging        | 3 4 5 6 7 |  7.3
Polearms       | 4 5 7 8 |  8.5
Evocations     | 1 2 3 |  3.0
Transmutations | 3 4 5 |  5.2
Earth Magic    | 3 4 5 |  5.4
Spellcasting   | 2 4 5 |  5.0
Throwing       | |  0.2

Action                   |  1- 3 |  4- 6 |  7- 9 | 10-12 || total
-------------------------+-------+-------+-------+-------++-------
Melee: Hand axe          |    59 |   100 |   106 |       ||   265
       Tailslap          |     7 |    16 |    33 |    39 ||    95
       Kick              |       |    16 |    56 |    33 ||   105
       Scythe            |       |       |   253 |   304 ||   557
       Unarmed           |       |       |     3 |       ||     3
       Headbutt          |       |       |       |    23 ||    23
Throw: Boomerang         |       |       |     1 |     2 ||     3
 Cast: Passwall          |       |       |       |     1 ||     1
 Abil: Breathe Acid      |       |       |    10 |    10 ||    20
Evoke: Wand              |       |       |    24 |    10 ||    34
  Use: Scroll            |       |       |    12 |     9 ||    21
       Potion            |       |       |     6 |     8 ||    14
 Stab: Paralysed         |     3 |     5 |    19 |     3 ||    30
       Sleeping          |     1 |     2 |    22 |     9 ||    34
       Confused          |       |       |       |     7 ||     7
       Distracted        |       |       |       |     3 ||     3
       Petrified         |       |       |       |     2 ||     2
Armor: Skin              |    10 |    24 |   100 |   151 ||   285
Dodge: Dodged            |    33 |    53 |   371 |   552 ||  1009

Table legend: (Time is in decaauts)
 A = Elapsed time spent in this place.
 B = Non-inter-level travel time spent in this place.
 C = Inter-level travel time spent in this place.
 D = Time resting spent in this place.
 E = Time spent auto-exploring this place.
 F = Levels seen in this place.
 G = Mean time per level.
                   A        B        C        D        E       F      G
               +--------+--------+--------+--------+--------+-----+--------+
         Total |  17167 |  16455 |    712 |   5047 |   7976 |  15 | 1144.5 |
       Dungeon |  15888 |  15195 |    693 |   4913 |   7344 |  12 | 1324.0 |
        Temple |     89 |     70 |     19 |      0 |     66 |   1 |   89.0 |
          Lair |    150 |    150 |      0 |    134 |      0 |   1 |  150.0 |
         Sewer |   1038 |   1038 |      0 |      0 |    566 |   1 | 1038.0 |
               +--------+--------+--------+--------+--------+-----+--------+

Top non-repeatable levels by time:
     D:9: 2170 daAuts
     D:8: 2158 daAuts
    D:10: 2061 daAuts
    D:11: 1483 daAuts
     D:5: 1451 daAuts
     D:6: 1343 daAuts
     D:4: 1174 daAuts
     D:3: 1040 daAuts
   Sewer: 1038 daAuts
     D:2: 996 daAuts
     D:7: 959 daAuts
     D:1: 958 daAuts
  Lair:1: 150 daAuts
    D:12: 91 daAuts
  Temple: 89 daAuts
